 Dungeon Crawl Stone Soup version 0.20.0-8-g6b59dc7 (webtiles) character file.

421 grindst0ne the Covered (level 6, -3/41 HPs)
             Began as a Gargoyle Fighter on May 31, 2017.
             Killed by divine providence
             ... invoked by an orc priest
              (9 damage)
             ... on level 5 of the Dungeon.
             The game lasted 00:09:23 (3604 turns).

grindst0ne the Covered (Gargoyle Fighter)           Turns: 3604, Time: 00:09:23

Health: -3/41      AC: 17    Str: 19    XL:     6   Next: 94%
Magic:  6/6        EV:  7    Int:  9    God:
Gold:   244        SH:  9    Dex: 11    Spells: 5/5 levels left

rFire    . . .     SeeInvis .   a - +0 war axe
rCold    . . .     Gourm    .   c - +0 shield
rNeg     + . .     Faith    .   b - +0 scale mail
rPois    ∞         Spirit   .   (no helmet)
rElec    +         Reflect  .   (no cloak)
rCorr    .         Harm     .   v - +0 pair of gloves
MR       .....                  (no boots)
Stlth    ..........             o - amulet of rage
Regen    0.2/turn               r - +4 ring of protection
MPRegen  0.1/turn               (no ring)

@: no status effects
A: negative energy resistance 1, electricity resistance, unbreathing,
petrification resistance, rot immunity, AC +4
a: Evoke Berserk Rage


You were on level 5 of the Dungeon.
You were not hungry.

You visited 1 branch of the dungeon, and saw 5 of its levels.

You collected 244 gold pieces.

Inventory:

Hand Weapons
 a - a +0 war axe (weapon)
Missiles
 u - 2 throwing nets (quivered)
Armour
 b - a +0 scale mail (worn)
 c - a +0 shield (worn)
 v - a +0 pair of gloves (worn)
Jewellery
 o - an amulet of rage (around neck)
 r - a +4 ring of protection (left hand)
 t - an uncursed amulet of guardian spirit
Scrolls
 g - a scroll of magic mapping {unknown}
 h - 3 scrolls of fear {unknown}
 j - 3 scrolls of amnesia {unknown}
 m - 4 scrolls of remove curse {unknown}
 n - 3 scrolls of identify {unknown}
 p - 3 scrolls of teleportation {unknown}
 s - a scroll of enchant weapon {unknown}
 y - a scroll of blinking {unknown}
 z - a scroll of immolation {unknown}
 D - a scroll of noise {unknown}
Potions
 d - a potion of might
 e - a potion of degeneration {unknown}
 k - a potion of mutation {unknown}
 l - a potion of curing {unknown}
 w - a potion of magic {unknown}
 x - a potion of berserk rage {unknown}
 C - a potion of invisibility {unknown}
Books
 B - a book of Misfortune

   Spells                             Type                      Level
   a - Confusing Touch                Hexes                        1
   b - Confuse                        Hexes                        3
   c - Gell's Gravitas                Translocation                3
   d - Petrify                        Transmutation/Earth          4
   e - Metabolic Englaciation         Hexes/Ice                    5
   f - Yara's Violent Unravelling     Hexes/Transmutation          5
Comestibles
 f - 3 bread rations
 i - 3 meat rations
 q - 7 fruits
 A - 2 royal jellies


   Skills:
 - Level 6.0 Fighting
 - Level 1.7 Axes
 + Level 6.5 Armour
 - Level 3.2 Shields


You had 5 spell levels left.
You didn't know any spells.

Dungeon Overview and Level Annotations

Branches:
Dungeon (5/15)
 Temple: D:4-7

Altars:
Ashenzari
Fedhas
Kikubaaqudgha
Makhleb
Qazlal
Ru
Sif Muna
Trog
Uskayaw
Xom


Innate Abilities, Weirdness & Mutations

You are resistant to torment.
Your stone body is resilient. (AC +4)
You are immune to poison.
You resist negative energy. (rN+)
You are resistant to electric shocks. (rElec)
You can survive without breathing.
You are immune to petrification.
You are immune to rotting.


Message History

You kill the orc!
The orc priest hits you with a short sword.
You block the orc's attack.
The orc priest hits you but does no damage.
You hit the orc priest.
The orc priest is almost dead.
You hit the orc. You block the orc's attack. You block the orc priest's attack.
The ogre barely misses you.
The orc priest mumbles some strange prayers to Beogh against you.
Beogh smites you!
* * * LOW HITPOINT WARNING * * *
The orc priest mumbles some strange prayers to Beogh against you.
Pain shoots through your body!
* * * LOW HITPOINT WARNING * * *
You see here a ball python corpse.
Okay, then.
The orc priest looks satisfied for a moment.
The orc priest invokes the aid of Beogh against you.
Beogh smites you!
You die...

.)...................#
.....................###########
.....................'..........
.........o...........##.....###.
#>...)(##...........##.###.# #.
#....).##..o........##.#.#.###.
........##...........##.#.......
........##....O......##.#.#.####
........#######@#+#...(.#.......
$..............># #########.####
...##########.### ........# ...
#. ######### .. . ##


You could see an ogre, an orc priest and an orc.

Vanquished Creatures
  A scorpion (D:4)
  A hound (D:4)
  An orc wizard (D:4)
  Terence (D:2)
  2 worker ants (D:4)
  Natasha (twice) (D:4)
  8 adders
  An ooze (D:3)
  A worm (D:3)
  2 dart slugs (D:1)
  A leopard gecko (D:2)
  8 orcs
  8 bats
  5 giant cockroaches
  8 hobgoblins
  14 jackals
  2 quokkas
  3 ball pythons
  3 frilled lizards
  7 goblins
  14 kobolds
  A leopard gecko skeleton (D:4)
  6 rats
100 creatures vanquished.

Notes
Turn   | Place    | Note
-------+----------+-------------------------------------------
     0 | D:1      | grindst0ne the Gargoyle Fighter began the quest for the Orb.
     0 | D:1      | Reached XP level 1. HP: 14/14 MP: 1/1
   108 | D:1      | Reached XP level 2. HP: 19/20 MP: 2/2
   293 | D:1      | Reached XP level 3. HP: 18/24 MP: 3/3
   612 | D:1      | Reached skill level 5 in Fighting
   831 | D:2      | Reached XP level 4. HP: 31/31 MP: 4/4
   840 | D:2      | Found a bloodstained altar of Trog.
  1000 | D:2      | Found a stormy altar of Qazlal.
  1024 | D:2      | Found a blossoming altar of Fedhas.
  1315 | D:2      | Noticed Terence
  1325 | D:2      | Killed Terence
  1537 | D:2      | Reached XP level 5. HP: 36/36 MP: 5/5
  1746 | D:3      | Found a blossoming altar of Fedhas.
  1746 | D:3      | Found an ancient bone altar of Kikubaaqudgha.
  2458 | D:4      | Reached skill level 5 in Armour
  2458 | D:4      | Reached XP level 6. HP: 41/41 MP: 6/6
  2882 | D:4      | Found a burning altar of Makhleb.
  2882 | D:4      | Found a shattered altar of Ashenzari.
  2888 | D:4      | Found a shimmering altar of Xom.
  2888 | D:4      | Found a deep blue altar of Sif Muna.
  2889 | D:4      | Found a sacrificial altar of Ru.
  2892 | D:4      | Found a hide-covered altar of Uskayaw.
  2987 | D:4      | Noticed Natasha
  3019 | D:4      | Killed Natasha
  3358 | D:4      | Noticed Natasha
  3364 | D:4      | Killed Natasha
  3542 | D:5      | Entered Level 5 of the Dungeon
  3604 | D:5      | Killed from afar by an orc priest

Skill      XL: |  1  2  3  4  5  6 |
---------------+-------------------+-----
Fighting       | 4 5 6 |  6.0
Armour         | 5 6 |  6.5
Axes           | |  1.7
Shields        | |  3.2

Action                   |  1- 3 |  4- 6 || total
-------------------------+-------+-------++-------
Melee: War axe           |   110 |   222 ||   332
  Eat: Chunk             |       |     9 ||     9
Armor: Scale mail        |    90 |   152 ||   242
Dodge: Dodged            |    56 |    81 ||   137
Block: Shield            |    89 |   165 ||   254
